 Dungeon Crawl Stone Soup version 0.28-a0-1389-gc726bef33b (webtiles) character file.

Game seed: 14701690860705665165

581 siradein the Cudgeller (level 7, -4/55 HPs)
             Began as a Human Berserker on Jan 4, 2022.
             Was a Believer of Trog.
             Slain by a gnoll (9 damage)
             ... on level 5 of the Dungeon.
             The game lasted 00:20:27 (4594 turns).

siradein the Cudgeller (Human Berserker)            Turns: 4594, Time: 00:20:28

Health: -4/55      AC:  6    Str: 19    XL:     7   Next: 63%
Magic:  7/7        EV: 12    Int:  8    God:    Trog [**....]
Gold:   235        SH:  3    Dex: 12    Spells: 6/6 levels left

rFire   + . .      SeeInvis .   b - +2 mace (vorpal)
rCold   . . .      Faith    .   w - +0 buckler
rNeg    . . .      Spirit   .   u - +0 leather armour {rPois}
rPois   +          Reflect  .   e - +2 hat
rElec   .          Harm     .   (no cloak)
rCorr   .          Rampage  .   t - +0 pair of gloves
Will    ++...                   (no boots)
Stlth   +.........              (no amulet)
HPRegen 1.18/turn               d - ring of protection from fire
MPRegen 0.10/turn               (no ring)

@: strong-willed, regenerating
A: no striking features
a: Renounce Religion, Berserk, Trog's Hand


You were on level 5 of the Dungeon.
You worshipped Trog.
Trog was pleased with you.
You visited 1 branch of the dungeon, and saw 5 of its levels.

You collected 235 gold pieces.

Inventory:

Hand Weapons
 b - a +2 vorpal mace (weapon)
Missiles
 f - a throwing net
 k - 19 poisoned darts (quivered)
Armour
 e - a +2 hat (worn)
 t - a +0 pair of gloves (worn)
 u - a +0 leather armour of poison resistance (worn)
 w - a +0 buckler (worn)
Jewellery
 d - a ring of protection from fire (left hand)
 r - a ring of ice
 v - a ring of fire
 x - the ring "Iseanal" {Ice +Blink Str-5 Int-5 Dex+9}
   (You found it on level 4 of the Dungeon)

   [ring of ice]

   It enhances your ice magic.
   Str:       It affects your strength (-5).
   Int:       It affects your intelligence (-5).
   Dex:       It affects your dexterity (+9).
   rF:        It makes you vulnerable to fire.
   rC:        It protects you from cold.
   +Blink:    It lets you blink.
Scrolls
 c - 3 scrolls of teleportation {unknown}
 g - a scroll of blinking {unknown}
 j - 2 scrolls of identify {unknown}
 m - a scroll of immolation {unknown}
 p - a scroll of enchant armour {unknown}
 s - a scroll of silence {unknown}
Potions
 a - 2 potions of attraction {unknown}
 h - a potion of haste {unknown}
 i - a potion of heal wounds {unknown}
 l - a potion of brilliance {unknown}
 n - a potion of magic {unknown}
 o - a potion of mutation {unknown}
 q - 2 potions of curing {unknown}
 z - a potion of resistance {unknown}
 A - 2 potions of ambrosia {unknown}


   Skills:
 + Level 4.7 Fighting
 + Level 4.9 Maces & Flails
 + Level 4.2 Armour
 + Level 4.2 Dodging


You had 6 spell levels left.
You didn't know any spells.
Your spell library was empty.

Dungeon Overview and Level Annotations

Branches:
Dungeon (5/15)
 Temple: D:4-7

Altars:
Fedhas


Message History

You hear a shout!
You remove the ring "Iseanal" {Ice +Blink Str-5 Int-5 Dex+9}.
You see here 10 arrows.
You start resting.
A gnoll is nearby!
Your skin crawls.
You feel strong-willed. The gnoll hits you with a +0 halberd!
You are too injured to fight recklessly!
You are too injured to fight recklessly!
You are too injured to fight recklessly!
You are too injured to fight recklessly!
You closely miss the gnoll. The gnoll hits you with a +0 halberd.
The gnoll hits you with a +0 flail.
You hit the gnoll but do no damage. The gnoll hits you but does no damage.
The gnoll barely misses you.
You hit the gnoll.
The gnoll is heavily wounded.
The gnoll hits you with a +0 halberd. The gnoll barely misses you.
The gnoll hits you with a +0 halberd.
You closely miss the gnoll.
The gnoll is heavily wounded.
The gnoll hits you with a +0 flail. You block the gnoll's attack.
The gnoll barely misses you.
You hit the gnoll but do no damage.
The gnoll is heavily wounded.
The gnoll hits you but does no damage. x2
You barely miss the gnoll.
The gnoll is heavily wounded.
The gnoll barely misses you. The gnoll hits you but does no damage.
You barely miss the gnoll.
The gnoll is heavily wounded.
The gnoll hits you with a +0 halberd!
* * * LOW HITPOINT WARNING * * *
The gnoll closely misses you. The gnoll hits you with a +0 halberd!
* * * LOW HITPOINT WARNING * * *
You hit the gnoll.
The gnoll is severely wounded.
The gnoll hits you with a +0 flail!
You die...

........g#........
.........#...).... .
.....(............ ..
.#####.##...##.... ...
#............... # ....
.....###..####.## ..
......#######..# ###...
......#####.(..# ......
........@g#.##.######.
......
.......##g...........:
......
###....###..##.#######
###.#### #.........####
.##....# #.........#
..####.## #...#.....#
#.......# #...#.....#
######..####.##.....#
...#
##......##.....########


You could see 2 gnolls.

Vanquished Creatures
  Eustachio (D:4)
  An ice beast (D:5)
  A bullfrog zombie (D:5)
  A hound (D:3)
  A bullfrog skeleton (D:3)
  Natasha (thrice) (D:2)
  Robin (D:4)
  4 gnolls
  5 adders
  A worm (D:3)
  A dart slug (D:4)
  8 orcs
  12 ball pythons
  A bat (D:3)
  7 endoplasms
  3 giant cockroaches
  12 hobgoblins
  3 jackals (D:1)
  5 kobolds
  4 quokkas
  3 frilled lizards
  9 goblins
  6 rats
93 creatures vanquished.

Vanquished Creatures (others)
  An orc (D:5)
1 creature vanquished.

Grand Total: 94 creatures vanquished

Notes
Turn   | Place    | Note
-------+----------+-------------------------------------------
     0 | D:1      | siradein the Human Berserker began the quest for the Orb.
     0 | D:1      | Reached XP level 1. HP: 18/18 MP: 1/1
   164 | D:1      | Reached XP level 2. HP: 24/24 MP: 2/2
   411 | D:1      | Found a faded altar of an unknown god.
   567 | D:1      | Reached XP level 3. HP: 29/29 MP: 3/3
  1004 | D:2      | Found the +10 Black Knight's barding {ponderous, rPois rN+}
  1035 | D:2      | Reached ** piety under Trog
  1164 | D:2      | You fall into a shaft and drop 2 floors!
  1164 | D:4      | Noticed Eustachio
  1234 | D:3      | Reached XP level 4. HP: 35/35 MP: 4/4
  1379 | D:2      | Noticed Natasha
  1389 | D:2      | Killed Natasha
  2039 | D:2      | Noticed Natasha
  2045 | D:2      | Killed Natasha
  2046 | D:2      | Reached XP level 5. HP: 30/42 MP: 5/5
  2197 | D:2      | Noticed Natasha
  2202 | D:2      | Killed Natasha
  2632 | D:3      | Reached XP level 6. HP: 43/48 MP: 6/6
  2690 | D:3      | Found a blossoming altar of Fedhas.
  2816 | D:4      | Killed Eustachio
  2910 | D:3      | Reached XP level 7. HP: 30/55 MP: 7/7
  3508 | D:4      | Noticed Robin
  3536 | D:4      | Killed Robin
  3694 | D:4      | Identified the ring "Iseanal" {Ice +Blink Str-5 Int-5
                  | Dex+9}
  3881 | D:5      | Entered Level 5 of the Dungeon
  4594 | D:5      | Slain by a gnoll

Illustrated notes

Levels and vault maps discovered:
D:1:      eino_arrival_tree_alley, layout_basic,
          nicolae_ecumenical_snake_handling, lemuel_old_faithful
D:2:      layout_loops_ring, uniq_natasha
D:3:      layout_rooms, fedhas_altar_fruit_tree
D:4:      layout_rooms, minmay_crystal_water, lemuel_flame_loot_1, uniq_robin,
          uniq_eustachio
D:5:      layout_rooms, kennysheep_mini_moat, corexii_mini_fake_secret_closet

Skill      XL: |  1  2  3  4  5  6  7 |
---------------+----------------------+-----
Armour         | 3 4 |  4.2
Dodging        | 3 4 |  4.2
Maces & Flails | 4 |  4.9
Fighting       | 4 |  4.7

Action                   |  1- 3 |  4- 6 |  7- 9 || total
-------------------------+-------+-------+-------++-------
Melee: Mace              |    99 |    93 |    76 ||   268
Invok: Berserk           |       |     1 |     2 ||     3
       Trog's Hand       |       |       |     1 ||     1
Armor: Animal skin       |    18 |       |       ||    18
       Ring mail         |    13 |    33 |       ||    46
       Leather armour    |       |     4 |    38 ||    42
Dodge: Dodged            |    75 |    58 |    52 ||   185
Block: Buckler           |       |       |     9 ||     9

Table legend: (Time is in decaauts)
 A = Elapsed time spent in this place.
 B = Non-inter-level travel time spent in this place.
 C = Inter-level travel time spent in this place.
 D = Time resting spent in this place.
 E = Time spent auto-exploring this place.
 F = Levels seen in this place.
 G = Mean time per level.
                   A        B        C        D        E       F      G
               +--------+--------+--------+--------+--------+-----+--------+
         Total |   4682 |   4661 |     21 |    609 |   2812 |   5 |  936.4 |
       Dungeon |   4682 |   4661 |     21 |    609 |   2812 |   5 |  936.4 |
               +--------+--------+--------+--------+--------+-----+--------+

Top non-repeatable levels by time:
     D:3: 1288 daAuts
     D:2: 1149 daAuts
     D:1: 984 daAuts
     D:4: 911 daAuts
     D:5: 348 daAuts
